 Dungeon Crawl Stone Soup version 0.30.1-4-g462c640d31 (webtiles) character file.

Game seed: 12415506615220032632

193 rvierbuc the Conjurer (level 5, -6/38 HPs)
             Began as a Demigod Conjurer on Aug 21, 2023.
             Mangled by a phantom (8 damage)
             ... on level 4 of the Dungeon.
             The game lasted 00:11:18 (3645 turns).

rvierbuc the Conjurer (Demigod Conjurer)            Turns: 3645, Time: 00:11:19

Health: -6/38      AC:  4    Str:  8    XL:     5   Next: 20%
Magic:  3/11       EV: 17    Int: 24    God:
Gold:   213        SH:  0    Dex: 12    Spells: 8/9 levels left

rFire   . . .        s - +2 short sword (venom)
rCold   . . .        m - orb {mayhem}
rNeg    . . .        a - +0 robe
rPois   .            (no helmet)
rElec   .            (no cloak)
rCorr   .            n - +0 pair of gloves
SInv    .            k - +0 pair of boots
Will    .....        (no amulet)
Stlth   ++           g - +4 ring of slaying
HPRegen 0.26/turn    u - +5 ring of evasion
MPRegen 0.12/turn

%: mayhem
@: no status effects
A: high MP 1, forlorn, divine attributes
a: no special abilities


You were on level 4 of the Dungeon.
You visited 1 branch of the dungeon, and saw 4 of its levels.

You collected 213 gold pieces.

Inventory:

Hand Weapons
 l - a +0 rapier
 s - a +2 short sword of venom (weapon)
 B - a +0 dagger
Missiles
 f - 8 poisoned darts
Armour
 a - a +0 robe (worn)
 k - a +0 pair of boots (worn)
 m - an orb of mayhem (worn)
 n - a +0 pair of gloves (worn)
Jewellery
 g - a +4 ring of slaying (left hand)
 p - a ring of resist corrosion
 u - a +5 ring of evasion (right hand)
Wands
 x - a wand of charming (8)
Scrolls
 c - 5 scrolls of teleportation {unknown}
 d - a scroll of enchant armour {unknown}
 e - 2 scrolls of silence {unknown}
 h - a scroll of immolation {unknown}
 o - 9 scrolls of identify {unknown}
 r - 2 scrolls of magic mapping {unknown}
 v - a scroll of noise {unknown}
 w - a scroll of blinking {unknown}
 y - a scroll of fear {unknown}
Potions
 b - a potion of magic
 i - a potion of invisibility {unknown}
 j - a potion of curing {unknown}
 q - a potion of attraction {unknown}
 t - a potion of might {unknown}
 z - 2 potions of degeneration {unknown}
 A - a potion of resistance {unknown}


   Skills:
 + Level 2.1 Dodging
 + Level 2.7 Stealth
 + Level 2.6 Spellcasting
 + Level 5.2 Conjurations


You had 8 spell levels left.
You knew the following spells:

 Your Spells              Type           Power      Damage    Failure   Level
a - Magic Dart            Conj           100%       1d8       1%          1

Your spell library contained the following spells:

 Spells                   Type           Power      Damage    Failure   Level
 Searing Ray              Conj           56%        2d6       1%          2
 Kiss of Death            Conj/Necr      60%        2d10      3%          1
 Dazzling Flash           Conj/Hex       30%        N/A       12%         3
 Confusing Touch          Hex            3%         N/A       34%         3
 Fulminant Prism          Conj/Hex       7%         3d7       36%         4
 Iskenderun's Mystic Bla  Conj/Tloc      15%        2d5       36%         4
 Dispel Undead            Necr           3%         3d7       75%         4


Dungeon Overview and Level Annotations

Branches:
Dungeon (4/15)
 Temple: D:4-7


Innate Abilities, Weirdness & Mutations

You have an increased reservoir of magic. (+10% MP)
You shall have no god before yourself.
Your divine heritage dramatically boosts your attributes as you level up.


Message History

The ufetubus is severely wounded.
You kill the ufetubus!
The phantom flies into a frenzy!
The phantom misses you.
You barely miss the phantom. The phantom misses you.
You barely miss the phantom. The phantom hits you. The phantom misses you.
You barely miss the phantom.
The phantom hits you but does no damage.
You puncture the phantom!
The phantom is moderately damaged.
The phantom closely misses you. The phantom barely misses you.
You hit the phantom but do no damage.
The phantom is moderately damaged.
The phantom closely misses you.
You closely miss the phantom.
The phantom is moderately damaged.
The phantom misses you. The phantom barely misses you.
You miss the phantom.
The phantom is moderately damaged.
The phantom hits you!
The phantom blinks!
You blink.
The phantom completely misses you. The phantom closely misses you.
You hit the phantom.
The phantom is moderately damaged.
The phantom completely misses you.
You closely miss the phantom.
The phantom is moderately damaged.
The phantom hits you!
* * * LOW HITPOINT WARNING * * *
The phantom blinks!
You blink.
Found a rapier and a falchion.
The phantom hits you.
* * * LOW HITPOINT WARNING * * *
The phantom blinks!
You blink.
You puncture the phantom!
The phantom is severely damaged.
The phantom barely misses you.
You closely miss the phantom.
The phantom is heavily damaged.
The phantom hits you!
* * * LOW HITPOINT WARNING * * *
The phantom hits you!
You die...

..# .######### ##'#.† ..
.........## #.#.. #.
#####.####...# #.#.. #.#
... #.#.##.#.###.#.. #
#..##'##..#).#.......#.. #.
#....#....##.#.#######..
#..##.......##§§#..........
#...'......W'...#..######
#..##.....@.##).#..#
##....#....##.#..#
#...........###.##
..................#
######....†######.#
...)#...#†....#.#
....##.##....##.# #....
#.##))..##.# ###..
#.#...####.#


You could see a neutral phantom (fast, strong, insane).

Vanquished Creatures
  A jelly (D:4)
  9 adders
  An ufetubus (D:4)
  A dart slug (D:2)
  2 orcs
  4 ball pythons
  7 bats
  6 endoplasms
  A giant cockroach (D:2)
  12 goblins
  6 hobgoblins
  3 jackals (D:4)
  6 kobolds
  3 quokkas
  A frilled lizard (D:1)
  7 rats
70 creatures vanquished.

Vanquished Creatures (collateral kills)
  A goblin (D:2)
1 creature vanquished.

Grand Total: 71 creatures vanquished

Notes
Turn   | Place    | Note
-------+----------+-------------------------------------------
     0 | D:1      | rvierbuc the Demigod Conjurer began the quest for the Orb.
     0 | D:1      | Reached XP level 1. HP: 14/14 MP: 5/5
   312 | D:1      | Reached skill level 4 in Conjurations
   344 | D:1      | Reached XP level 2. HP: 20/20 MP: 1/7
  1080 | D:2      | Reached XP level 3. HP: 26/26 MP: 4/8
  2485 | D:3      | Reached XP level 4. HP: 33/33 MP: 7/10
  3100 | D:3      | Reached skill level 5 in Conjurations
  3629 | D:4      | Noticed a phantom
  3633 | D:4      | Reached XP level 5. HP: 28/38 MP: 2/11
  3645 | D:4      | Mangled by a phantom

Illustrated notes

Levels and vault maps discovered:
D:1:      minmay_arrival_jagged, layout_loops_ring
D:2:      layout_basic, basic_ecumenical_altar, minmay_misc_feat_roman
D:3:      layout_loops_corners, serial_aquarium, aquarium_bridge_straight
          [aquarium_subvault_bridge, aquarium_subvault_window,
          aquarium_subvault_bridge, aquarium_subvault_window],
          aquarium_bridge_long_separate [aquarium_subvault_bridge,
          aquarium_subvault_window, aquarium_subvault_bridge,
          aquarium_subvault_bridge, aquarium_subvault_balcony,
          aquarium_subvault_wall], aquarium_window_1, aquarium_window_2,
          aquarium_view_2e, aquarium_balcony_1b, aquarium_pool_2
D:4:      layout_basic, mainiacjoe_overflow_divided_tiny, solitary_fountain,
          minmay_pentangle

Skill      XL: |  1  2  3  4 |
---------------+-------------+-----
Conjurations   | 4 5 |  5.2
Spellcasting   | 2 |  2.6
Stealth        | 2 |  2.7
Dodging        | 2 |  2.1

Action                     |  1- 3 |  4- 6 || total
---------------------------+-------+-------++-------
  Melee: Short sword       |       |    17 ||    17
   Cast: Magic Dart        |   102 |    47 ||   149
 Armour: Robe              |    15 |     8 ||    23
  Dodge: Dodged            |    19 |    28 ||    47
